 Dungeon Crawl Stone Soup version 0.28-a0-657-g71136c5590 (webtiles) character file.

Game seed: 15535184186410964406

16578 flotson the Fighter (level 12, -5/97 HPs)
             Began as a Demonspawn Delver on Oct 12, 2021.
             Was an Initiate of Gozag.
             Slain by a balrug (17 damage)
             ... on level 2 of the Abyss on Oct 13, 2021.
             The game lasted 00:30:41 (15168 turns).

flotson the Fighter (Demonspawn Delver)            Turns: 15168, Time: 00:30:42

Health: -5/97      AC: 19    Str: 17    XL:     12   Next: 11%
Magic:  12/12      EV: 15    Int: 12    God:    Gozag
Gold:   970        SH:  8    Dex: 15    Spells: 11/11 levels left

rFire   + . .      SeeInvis .   a - +2 broad axe (drain)
rCold   . . .      Faith    .   c - +0 kite shield
rNeg    . . .      Spirit   .   B - +5 scale mail "Zoben" {rF+ Will+}
rPois   .          Reflect  .   h - +0 helmet
rElec   .          Harm     .   (no cloak)
rCorr   +          Rampage  .   u - +0 pair of gloves
Will    +....                   (no boots)
Stlth   +.........              (no amulet)
HPRegen 0.26/turn               k - ring of resist corrosion
MPRegen 0.13/turn               z - +4 ring of evasion

@: mighty, about to teleport, hasted, very quick
A: slimy green scales 2, spiny 2, demonic magic 1, demonic touch 2
a: Renounce Religion, Potion Petition, Call Merchant, Bribe Branch


You were on level 2 of the Abyss.
You worshipped Gozag.
Gozag was pleased with you.
You visited 2 branches of the dungeon, and saw 11 of its levels.
You visited the Abyss 1 time.

You collected 1589 gold pieces.
You spent 509 gold pieces at shops.
You paid 110 gold pieces to Gozag.

Inventory:

Hand Weapons
 a - a +2 broad axe of draining (weapon)
 b - a +0 hunting sling
 i - a +2 eveningstar of draining
Missiles
 m - 3 boomerangs
 r - a throwing net
 v - 111 sling bullets
 x - 51 poisoned darts (quivered)
 H - a curare-tipped dart
Armour
 c - a +0 kite shield (worn)
 h - a +0 helmet (worn)
 u - a +0 pair of gloves (worn)
 B - the +5 scale mail "Zoben" (worn) {rF+ Will+}
   (You found it on level 9 of the Dungeon)

   rF:        It protects you from fire.
   Will:      It increases your willpower.
Jewellery
 k - a ring of resist corrosion (left hand)
 z - a +4 ring of evasion (right hand)
 F - a ring of willpower
Wands
 g - a wand of digging (14)
 A - a wand of flame (35)
Scrolls
 d - 4 scrolls of teleportation
 e - a scroll of blinking
 f - 2 scrolls of immolation
 q - a scroll of magic mapping
 t - 2 scrolls of torment
 w - a scroll of acquirement {unknown}
 y - 2 scrolls of amnesia {unknown}
 C - a scroll of fog
Potions
 j - 2 potions of flight
 l - a potion of haste
 n - 3 potions of might
 o - 4 potions of cancellation
 p - a potion of berserk rage
 s - 2 potions of curing
 G - a potion of attraction


   Skills:
 + Level 10.1 Fighting
 + Level 4.1 Axes
 + Level 8.4 Throwing
 + Level 8.7 Armour
 + Level 9.0 Dodging
 - Level 4.5 Stealth
 + Level 2.6 Shields
 + Level 3.9 Evocations


You had 11 spell levels left.
You didn't know any spells.
Your spell library contained the following spells:

 Spells                   Type           Power      Damage    Failure   Level
 Animate Skeleton         Necr           0%         N/A       99%         1
 Apportation              Tloc           0%         N/A       99%         1
 Freeze                   Ice            0%         1d3       99%         1
 Sting                    Tmut/Pois      0%         1d3       99%         1
 Summon Small Mammal      Summ           0%         N/A       99%         1
 Blink                    Tloc           N/A        N/A       100%        2
 Corpse Rot               Necr/Air       N/A        N/A       100%        2
 Passwall                 Tmut/Erth      0%         N/A       100%        2
 Poisonous Vapours        Pois/Air       0%         N/A       100%        2
 Dazzling Flash           Conj/Hex       0%         N/A       100%        3
 Frozen Ramparts          Ice            0%         1d2       100%        3
 Inner Flame              Hex/Fire       0%         N/A       100%        3
 Swiftness                Air            0%         N/A       100%        3
 Dispel Undead            Necr           0%         3d6       100%        4
 Hailstorm                Conj/Ice       0%         3d3       100%        4
 Olgreb's Toxic Radiance  Pois           0%         N/A       100%        4
 Agony                    Necr           0%         N/A       100%        5
 Manifold Assault         Tloc           0%         N/A       100%        5
 Silence                  Hex/Air        0%         N/A       100%        5
 Death Channel            Necr           0%         N/A       100%        6
 Invisibility             Hex            0%         N/A       100%        6
 Simulacrum               Ice/Necr       0%         N/A       100%        6
 Storm Form               Tmut/Air       0%         N/A       100%        7
 Ignition                 Fire           0%         3d3       100%        8


Dungeon Overview and Level Annotations

Branches:
Dungeon (10/15)            Temple (1/1) D:7
   Lair: D:8-11         Orc: D:9-12

Altars:
Gozag
Kikubaaqudgha
Qazlal
Sif Muna
Vehumet
Yredelemnul
Zin
The Shining One

Shops:
D:4 =   D:5 ?   D:7 *

Annotations:
D:10 Sonja


Innate Abilities, Weirdness & Mutations

You are mostly covered in slimy green scales. (AC +3)
You are mostly covered in sharp spines.
Spells you cast may paralyse adjacent enemies.
Your touch may inflict irresistible damage on your foes.


Message History

The balrug shouts!
You hear a shout! x2
The balrug gestures at you.
The fireball explodes!
The fireball engulfs you! You resist.
The fireball engulfs the balrug.
The balrug completely resists.
Unknown command.
You feel very mighty all of a sudden. The balrug is struck by your spines.
The balrug barely misses you.
You feel yourself speed up. The balrug gestures at you.
The bolt of fire hits you! You resist.
You barely miss the balrug.
The balrug is lightly wounded.
The balrug is struck by your spines.
The balrug hits you with a +2 demon whip of electrocution.
You are engulfed in flames!
You resist. The balrug gestures at you.
The fireball explodes!
The fireball engulfs you! You resist.
The fireball engulfs the balrug.
The balrug completely resists.
You slice the balrug!!
The balrug is heavily wounded.
The balrug is struck by your spines. The balrug completely misses you.
You closely miss the balrug.
The balrug is heavily wounded.
The balrug gestures at you. You block the sticky flame.
You hit the balrug.
The balrug is heavily wounded.
The balrug hits you but does no damage. The balrug barely misses you.
You slash the balrug!
The balrug is severely wounded.
The balrug hits you with a +2 demon whip of electrocution!
* * * LOW HITPOINT WARNING * * *
You are engulfed in flames!
You resist.
* * * LOW HITPOINT WARNING * * *
You are electrocuted!
* * * LOW HITPOINT WARNING * * *
You feel better. The balrug is struck by your spines.
The balrug hits you with a +2 demon whip of electrocution!
You die...
Your body crumbles into a pile of gold.

###
#@##
#
##2#
#. #
## #
## ##
#
..###
.# #
#. #
# # 3
# .#
. . #
# # #
# #
.# ยง
5#


You could see a balrug.

Vanquished Creatures
  Snorg (D:10)
  Erolcha (D:10)
  Harold (D:10)
  6 two-headed ogres
  A manticore (D:9)
  Joseph (D:7)
  Maurice (D:8)
  An unseen horror (D:10)
  A merfolk (D:9)
  2 wyverns (D:9)
  A wraith (D:10)
  A ynoxinul (Abyss:2)
  14 yaks
  3 hogs
  A steam dragon (D:8)
  2 acid dragons
  2 water moccasins
  A sky beast (D:6)
  2 ice beasts
  12 black bears (D:9)
  An orc warrior (D:8)
  9 centaurs
  3 ogres
  A phantom (D:4)
  7 kobold brigands
  7 bullfrogs
  3 gnoll sergeants
  4 scorpions
  A water moccasin zombie (D:6)
  A wyvern skeleton (D:7)
  9 wights
  12 killer bees (D:8)
  An oklob sapling (D:7)
  5 electric eels (D:9)
  A bullfrog zombie (D:6)
  2 centaur zombies
  3 gnoll shamans (D:9)
  A jelly (D:3)
  3 orc priests
  A bullfrog skeleton (D:5)
  A centaur skeleton (D:6)
  An iguana (D:5)
  Ijyb (D:4)
  13 orc wizards
  A killer bee zombie (D:8)
  A hound zombie (D:3)
  A hound skeleton (D:4)
  4 howler monkey zombies
  12 gnolls
  8 adders
  A white imp (D:6)
  3 ufetubi
  A worm (D:5)
  3 dart slugs
  20 orcs
  11 endoplasms
  4 giant cockroaches
  6 hobgoblins
  4 jackals (D:4)
  18 kobolds
  7 quokkas
  14 ball pythons
  3 bats
  2 frilled lizards
  9 goblins
  7 rats
  A bush (D:9)
287 creatures vanquished.

Vanquished Creatures (others)
  24 plants
24 creatures vanquished.

Grand Total: 311 creatures vanquished

Notes
Turn   | Place    | Note
-------+----------+-------------------------------------------
     0 | D:5      | flotson the Demonspawn Delver began the quest for the Orb.
     0 | D:5      | Reached XP level 1. HP: 18/18 MP: 1/1
   403 | D:2      | Gained mutation: You are partially covered in sharp spines.
                  | [demonic ancestry]
   403 | D:2      | Reached XP level 2. HP: 15/24 MP: 2/2
   586 | D:1      | Reached skill level 1 in Armour
   859 | D:1      | Gained mutation: You are partially covered in slimy green
                  | scales. (AC +2) [demonic ancestry]
   859 | D:1      | Reached XP level 3. HP: 26/29 MP: 3/3
  2053 | D:3      | Reached XP level 4. HP: 36/37 MP: 4/4
  2243 | D:3      | Reached skill level 4 in Fighting
  2330 | D:3      | Gained mutation: You are mostly covered in slimy green
                  | scales. (AC +3) [demonic ancestry]
  2330 | D:3      | Reached XP level 5. HP: 40/42 MP: 5/5
  2502 | D:3      | Found a faded altar of an unknown god.
  2821 | D:4      | Got Kyfevufu's Handbook of Fiery Cold
  2947 | D:4      | Noticed an ogre
  2964 | D:4      | Killed an ogre
  2965 | D:4      | Reached skill level 1 in Throwing
  3168 | D:4      | Noticed an ogre
  3221 | D:3      | Killed an ogre
  3222 | D:3      | Reached XP level 6. HP: 38/49 MP: 6/6
  3346 | D:4      | Found Jykleyho's Jewellery Shop.
  3771 | D:4      | Noticed Ijyb
  3775 | D:4      | Reached XP level 7. HP: 55/55 MP: 7/7
  3778 | D:4      | Paralysed by Ijyb for 4 turns
  3788 | D:4      | Killed Ijyb
  3789 | D:4      | Reached skill level 5 in Fighting
  4534 | D:5      | Found Yfas's Magic Scroll Emporium.
  4542 | D:5      | Bought 3 scrolls of identify for 66 gold pieces
  4542 | D:5      | Bought a scroll of teleportation for 33 gold pieces
  4549 | D:5      | Bought a scroll of identify for 22 gold pieces
  4549 | D:5      | Bought a scroll of identify for 22 gold pieces
  4549 | D:5      | Bought a scroll of identify for 22 gold pieces
  4549 | D:5      | Bought a scroll of identify for 22 gold pieces
  4549 | D:5      | Bought a scroll of identify for 22 gold pieces
  5257 | D:6      | Gained mutation: You are mostly covered in sharp spines.
                  | [demonic ancestry]
  5257 | D:6      | Reached XP level 8. HP: 60/64 MP: 8/8
  5482 | D:6      | Found a radiant altar of Vehumet.
  5658 | D:6      | Reached skill level 6 in Fighting
  5658 | D:6      | Reached skill level 5 in Dodging
  6063 | D:6      | Reached skill level 5 in Armour
  6488 | D:7      | Noticed Joseph
  6716 | D:7      | Found Coilatue's General Store.
  6824 | D:7      | Killed Joseph
  6825 | D:7      | Gained mutation: Your touch may inflict minor irresistible
                  | damage on your foes. [demonic ancestry]
  6825 | D:7      | Reached XP level 9. HP: 51/71 MP: 9/9
  7043 | D:7      | Reached skill level 5 in Throwing
  7101 | D:7      | Found a staircase to the Ecumenical Temple.
  7113 | D:7      | Reached skill level 7 in Fighting
  7116 | Temple   | Entered the Ecumenical Temple
  8143 | Temple   | Became a worshipper of Gozag Ym Sagoz the Greedy
  8295 | D:8      | Noticed Maurice
  8980 | D:8      | Killed Maurice
  8981 | D:8      | Reached skill level 8 in Fighting
  8981 | D:8      | Gained mutation: Spells you cast may paralyse adjacent
                  | enemies. [demonic ancestry]
  8981 | D:8      | Reached XP level 10. HP: 58/80 MP: 10/10
  9469 | D:9      | Noticed a two-headed ogre
  9596 | D:9      | Killed a two-headed ogre
  9911 | D:9      | Identified the +5 scale mail "Zoben" {rF+ Will+}
 10281 | D:9      | Found an ancient bone altar of Kikubaaqudgha.
 10335 | D:9      | Noticed a two-headed ogre
 10348 | D:9      | Killed a two-headed ogre
 10349 | D:9      | Reached skill level 9 in Fighting
 11049 | D:9      | Noticed a manticore
 11059 | D:9      | Killed a manticore
 11060 | D:9      | Gained mutation: Your touch may inflict irresistible damage
                  | on your foes. [demonic ancestry]
 11060 | D:9      | Reached XP level 11. HP: 53/89 MP: 11/11
 11321 | D:9      | Reached skill level 1 in Evocations
 11426 | D:9      | Noticed a two-headed ogre
 11434 | D:9      | Killed a two-headed ogre
 11671 | D:9      | Noticed a two-headed ogre
 11683 | D:9      | Killed a two-headed ogre
 12213 | D:10     | Entered Level 10 of the Dungeon
 12213 | D:10     | Noticed a two-headed ogre
 12216 | D:10     | Killed a two-headed ogre
 12259 | D:10     | Noticed Harold
 12262 | D:10     | Noticed a two-headed ogre
 12295 | D:10     | Noticed Erolcha
 12651 | D:9      | Reached skill level 1 in Shields
 12712 | D:7      | Bought a scroll of brand weapon for 300 gold pieces
 12797 | D:10     | Killed a two-headed ogre
 13126 | D:10     | Killed Erolcha
 13224 | D:10     | Killed Harold
 13617 | D:10     | Noticed Snorg
 14033 | D:10     | Reached skill level 10 in Fighting
 14040 | D:10     | Reached XP level 12. HP: 85/97 MP: 12/12
 14185 | D:10     | Killed Snorg
 14548 | D:10     | Noticed Sonja
 15068 | D:10     | Cast into level 2 of the Abyss (Sonja)
 15069 | Abyss:2  | Upgraded the game from 0.28-a0-655-g4eb62b627b to
                  | 0.28-a0-657-g71136c5590
 15159 | Abyss:2  | Noticed a balrug
 15168 | Abyss:2  | Slain by a balrug

Illustrated notes

Levels and vault maps discovered:
D:1:      matt_arrival_spirals, layout_loops_cross
D:2:      layout_basic, minmay_pentomino_r4
D:3:      layout_basic, shapermc_ecumenical_altar_ellora
D:4:      layout_basic, serial_shops, kennysheep_mini_moat, uniq_ijyb
D:5:      layout_loops_cross, serial_shops, nicolae_shop_stone,
          roderic_filled_cross
D:6:      layout_loops_ring, mainiacjoe_overflow_alcove_2
D:7:      layout_loops_ring, minmay_temple_entry_oklob, serial_shops, shop,
          grunt_decor_resistance, uniq_joseph
D:8:      layout_cave_pods, grunt_decor_cap, uniq_maurice
D:9:      kennysheep_town
D:10:     layout_loops_ring, st_stairs_11, uniq_harold, uniq_snorg,
          uniq_erolcha, uniq_sonja
Temple:   compressed_dpeg_circular_temple
Abyss:2:  base: D:2, evilmike_abyss_exit_vortex, minivault_25, base:
D:2

Skill      XL: |  1  2  3  4  5  6  7  8  9 10 11 12 |
---------------+-------------------------------------+-----
Dodging        | 2 3 4 5 6 8 9 |  9.0
Armour         | 1 2 3 4 5 6 7 8 |  8.7
Fighting       | 4 5 6 8 9 10 | 10.1
Throwing       | 1 2 3 4 6 7 8 |  8.4
Axes           | 2 3 4 |  4.1
Evocations     | 3 |  3.9
Shields        | 2 |  2.6
Stealth        | |  4.5

Action                   |  1- 3 |  4- 6 |  7- 9 | 10-12 || total
-------------------------+-------+-------+-------+-------++-------
Melee: Hand axe          |    18 |       |     4 |       ||    22
       Short sword       |    56 |    92 |   301 |   135 ||   584
       Touch             |       |       |    18 |    46 ||    64
       Morningstar       |       |       |       |    60 ||    60
       Broad axe         |       |       |       |   126 ||   126
       Eveningstar       |       |       |       |    31 ||    31
 Fire: Hunting sling     |       |       |     1 |     5 ||     6
Throw: Boomerang         |       |     6 |    19 |    29 ||    54
       Throwing net      |       |       |       |     7 ||     7
       Dart              |       |       |       |     8 ||     8
Evoke: Wand              |       |       |       |    10 ||    10
  Use: Scroll            |     4 |       |    12 |    13 ||    29
       Potion            |     1 |       |       |     7 ||     8
 Stab: Sleeping          |     7 |     3 |     5 |     2 ||    17
       Distracted        |       |       |       |     1 ||     1
       Held in net/web   |       |       |       |     1 ||     1
Armor: Ring mail         |    19 |    36 |    56 |       ||   111
       Chain mail        |       |       |    97 |    35 ||   132
       Scale mail        |       |       |       |   153 ||   153
Dodge: Dodged            |    37 |    42 |   231 |   365 ||   675
Block: Kite shield       |       |       |       |    84 ||    84

Table legend: (Time is in decaauts)
 A = Elapsed time spent in this place.
 B = Non-inter-level travel time spent in this place.
 C = Inter-level travel time spent in this place.
 D = Time resting spent in this place.
 E = Time spent auto-exploring this place.
 F = Levels seen in this place.
 G = Mean time per level.
                   A        B        C        D        E       F      G
               +--------+--------+--------+--------+--------+-----+--------+
         Total |  15404 |  14649 |    755 |   1098 |  10725 |  12 | 1283.7 |
       Dungeon |  15186 |  14477 |    709 |   1098 |  10602 |  10 | 1518.6 |
        Temple |    115 |     69 |     46 |      0 |     60 |   1 |  115.0 |
         Abyss |    102 |    102 |      0 |      0 |     63 |   1 |  102.0 |
               +--------+--------+--------+--------+--------+-----+--------+

Top non-repeatable levels by time:
     D:9: 3697 daAuts
     D:8: 2118 daAuts
    D:10: 1909 daAuts
     D:4: 1451 daAuts
     D:7: 1399 daAuts
     D:6: 1060 daAuts
     D:2: 991 daAuts
     D:1: 952 daAuts
     D:3: 803 daAuts
     D:5: 801 daAuts
  Temple: 115 daAuts
 Abyss:2: 102 daAuts
